 Dungeon Crawl Stone Soup version 0.31-a0-232-gb1c03b2570 (webtiles) character file.

Game seed: 8044153811569991379

2923 qw the Skirmisher (level 9, 0/57 HPs)
             Began as a Gargoyle Hexslinger on July 7, 2023.
             Slain by a yak (8 damage)
             ... on level 7 of the Dungeon.
             The game lasted 00:02:28 (5900 turns).

qw the Skirmisher (Gargoyle Hexslinger)             Turns: 5900, Time: 00:02:29

Health: 0/57       AC: 14    Str: 11    XL:     9   Next: 79%
Magic:  1/1        EV: 12    Int: 15    God:
Gold:   433        SH:  0    Dex: 26    Spells: 9/10 levels left

rFire   . . .        Y - +2 orcbow
rCold   . . .        (shield currently unavailable)
rNeg    + + +        m - +0 ring mail "Jioveog" {Rampage rN+++ MP-9 Dex+4}
rPois   inf          c - +1 helmet
rElec   +            (no cloak)
rCorr   .            (no gloves)
SInv    +            (no boots)
Will    .....        (no amulet)
Stlth   +            f - +6 ring of dexterity
HPRegen 0.29/turn    l - ring of see invisible
MPRegen 0.07/turn

%: rampage
@: no status effects
A: sickness immunity, AC +6, negative energy resistance 1, electricity
resistance, torment resistance 1, petrification resistance
a: no special abilities


You were on level 7 of the Dungeon.
You visited 2 branches of the dungeon, and saw 8 of its levels.
You also visited: Sewer.

You collected 433 gold pieces.


Innate Abilities, Weirdness & Mutations

You are immune to sickness and miasma.
Your stone body is resilient. (AC +6)
You are immune to poison.
You resist negative energy. (rN+)
You are resistant to electric shocks. (rElec)
You are resistant to unholy torment.
You are immune to petrification.


   Skills:
 - Level 7.1 Fighting
 + Level 10.8 Ranged Weapons
 - Level 2.5 Armour
 - Level 3.4 Dodging
 - Level 1.0 Spellcasting
 - Level 2.6 Hexes


You had 9 spell levels left.
You knew the following spells:

 Your Spells              Type           Power      Damage    Failure   Level
a - Slow                  Hex            32%        N/A       19%         1

Your spell library contained the following spells:

 Spells                   Type           Power      Damage    Failure   Level
 Inner Flame              Hex/Fire       4%         N/A       69%         3
 Portal Projectile        Hex/Tloc       8%         N/A       69%         3
 Cause Fear               Hex            4%         N/A       88%         4

Inventory:

Hand Weapons
 Y - a +2 orcbow (weapon)
Armour
 b - a +0 troll leather armour {Pargi}
 c - a +1 helmet (worn)
 m - the +0 ring mail "Jioveog" (worn) {Rampage rN+++ MP-9 Dex+4}
   (You found it on level 4 of the Dungeon)

   Dex:       It affects your dexterity (+4).
   rN:        It renders you almost immune to negative energy.
   MP:        It affects your magic capacity (-9).
   Rampage:   It bestows one free step when moving towards enemies.
Jewellery
 d - a +4 ring of protection
 f - a +6 ring of dexterity (left hand)
 l - a ring of see invisible (right hand)
Scrolls
 a - 3 scrolls of identify
Potions
 e - a potion of haste
 g - a potion of mutation {unknown}
 i - 2 potions of might
 k - 2 potions of curing

Dungeon Overview and Level Annotations

Branches:
Dungeon (7/15)             Temple (1/1) D:5           Sewer (visited)

Altars:
Ashenzari
Cheibriados
Dithmenos
Elyvilon
Gozag
Kikubaaqudgha
Nemelex Xobeh
Qazlal
Sif Muna
Trog
Uskayaw
Vehumet
Wu Jian
Yredelemnul
The Shining One


Message History

The yak gores you! The yak gores you but does no damage.
You shoot an arrow. The arrow hits the yak!
You kill the yak!
The yak gores you but does no damage.
You shoot an arrow. The arrow hits the yak!
The yak is moderately wounded.
You shoot an arrow. The arrow hits the yak.
The yak is heavily wounded.
The yak gores you but does no damage. The yak closely misses you.
You shoot an arrow. The arrow hits the yak!!
The yak is almost dead.
The yak gores you but does no damage. The yak gores you.
You shoot an arrow. The arrow hits the yak.
You kill the yak!
You shoot an arrow. The arrow hits the yak.
The yak is lightly wounded.
The yak gores you but does no damage. The yak gores you.
You shoot an arrow. The arrow hits the yak.
The yak is moderately wounded.
The yak closely misses you. The yak gores you but does no damage.
You shoot an arrow. The arrow barely misses the yak.
The yak barely misses you. The yak gores you!
You shoot an arrow. The arrow hits the yak.
The yak is moderately wounded.
The yak barely misses you. x2
You shoot an arrow. The arrow hits the yak!
The yak is almost dead.
The yak gores you but does no damage. The yak barely misses you.
You shoot an arrow. The arrow hits the yak.
The yak is almost dead.
The yak gores you!
You shoot an arrow. The arrow completely misses the yak.
The yak misses you. The yak gores you but does no damage.
You shoot an arrow. The arrow hits the yak.
The yak is almost dead.
The yak gores you! The yak closely misses you.
You shoot an arrow. The arrow hits the yak.
The yak is almost dead.
The yak gores you!
You die...

# ?# #. .#
.# .# .#
.. .# .#
#Y .#
#.##Y###.#
#!..Y@...#
####..#.##
#.###.#
##.#.##
#.## #.#
#.# #####
#.###...#
#.......#


You could see 3 yaks.

Vanquished Creatures
  Maggie (D:7)
  Sigmund (D:4)
  3 yaks (D:7)
  2 water moccasins
  A black bear (D:7)
  Pargi (Sewer)
  2 orc warriors (D:7)
  An ogre (D:6)
  2 centaurs
  Blork the orc (D:4)
  A bullfrog (D:7)
  9 wights
  4 hounds
  2 orc priests (D:7)
  A sleepcap (D:7)
  4 iguanas
  4 orc wizards (D:7)
  Robin (D:2)
  3 gnolls (D:6)
  6 adders
  A shadow imp (D:4)
  2 ufetubi (D:6)
  A worm (D:4)
  4 dart slugs
  11 orcs
  12 bats
  7 endoplasms
  3 giant cockroaches
  8 hobgoblins
  2 jackals (D:5)
  3 quokkas
  7 ball pythons
  6 frilled lizards
  16 goblins
  9 kobolds
  4 rats
146 creatures vanquished.

Vanquished Creatures (others)
  A human (D:6)
1 creature vanquished.

Grand Total: 147 creatures vanquished

Notes
Turn   | Place    | Note
-------+----------+-------------------------------------------
     0 | D:1      | qw the Gargoyle Hexslinger began the quest for the Orb.
     0 | D:1      | Reached XP level 1. HP: 12/12 MP: 2/2
     0 | D:1      | 0 ||| qw: Version: 0.3-a-46-gb1f654a
     0 | D:1      | 0 ||| qw: Game counter: 2146
     0 | D:1      | 0 ||| qw: Melee chars always use a shield: true
     0 | D:1      | 0 ||| qw: God list: Okawaru
     0 | D:1      | 0 ||| qw: Allow faded altars: false
     0 | D:1      | 0 ||| qw: Do Orc after clearing Dungeon:15 true
     0 | D:1      | 0 ||| qw: Do second Lair branch before Depths: true
     0 | D:1      | 0 ||| qw: Lair rune preference: random
     0 | D:1      | 0 ||| qw: Goals: Normal
     0 | D:1      | 0 ||| PLANNING D:1-11
    69 | D:1      | Reached XP level 2. HP: 16/16 MP: 3/3
   130 | D:1      | Noticed a shining eye
   133 | D:1      | Found a faded altar of an unknown god.
   138 | D:1      | Noticed a floating eye
   138 | D:1      | Noticed a floating eye
   138 | D:1      | Noticed a shining eye
   399 | D:1      | Reached skill level 3 in Ranged Weapons
   548 | D:1      | Reached XP level 3. HP: 21/21 MP: 4/4
   832 | D:1      | 832 ||| UPGRADING to +0 ring mail.
   842 | D:1      | 842 ||| DROPPING +0 robe.
   843 | D:1      | 843 ||| DROPPING amulet of magic regeneration.
   844 | D:1      | 844 ||| READING 2 scrolls labelled RATYIC TOZURPH.
   845 | D:1      | 845 ||| DRINKING 2 lumpy grey potions.
   846 | D:1      | 846 ||| DROPPING scroll of poison.
   963 | D:2      | Identified the +9 hand axe "Akkefoet" {heavy, Contam Fly
                  | rCorr Dex+9}
  1021 | D:2      | Reached skill level 4 in Ranged Weapons
  1021 | D:2      | Reached XP level 4. HP: 9/26 MP: 5/5
  1080 | D:2      | 1080 ||| FLEEEEING.
  1081 | D:2      | 1081 ||| FLEEEEING.
  1082 | D:2      | 1082 ||| FLEEEEING.
  1135 | D:2      | Noticed Robin
  1136 | D:2      | 1136 ||| Stepping ~*~*~tactically~*~*~ (outnumbered).
  1161 | D:2      | Reached skill level 1 in Armour
  1161 | D:2      | Killed Robin
  1267 | D:2      | You fall into a shaft and drop 1 floor!
  1333 | D:3      | 1333 ||| UPGRADING to +0 helmet.
  1338 | D:3      | 1338 ||| UPGRADING to +4 ring of protection.
  1339 | D:3      | 1339 ||| READING scroll labelled HIROMU TAESE.
  1340 | D:3      | 1340 ||| READING scroll labelled KEASYA IZXEUQ.
  1341 | D:3      | 1341 ||| DRINKING 2 viscous blue potions.
  1347 | D:3      | 1347 ||| FLEEEEING.
  1348 | D:3      | 1348 ||| FLEEEEING.
  1349 | D:3      | 1349 ||| STAIRDANCE
  1580 | D:2      | 1580 ||| SWAPPING to +2 heavy sling.
  1581 | D:2      | 1581 ||| DROPPING +1 sling.
  1856 | D:2      | 1856 ||| DRINKING 3 sedimented clear potions.
  1881 | D:2      | 1881 ||| DROPPING 2 potions of lignification.
  2033 | D:3      | Found a shimmering blue altar of Sif Muna.
  2202 | D:3      | Reached XP level 5. HP: 30/30 MP: 6/6
  2513 | D:3      | 2513 ||| UPGRADING to ring of see invisible.
  2514 | D:3      | 2514 ||| READING scroll labelled LACHAI LUULUG.
  2519 | D:3      | 2519 ||| READING scroll labelled EMUSOW XAOLL.
  2597 | D:4      | Reached skill level 5 in Ranged Weapons
  2615 | D:4      | Noticed a water moccasin
  2623 | D:4      | Killed a water moccasin
  2624 | D:4      | Reached skill level 3 in Fighting
  2624 | D:4      | Reached XP level 6. HP: 27/38 MP: 7/7
  2705 | D:4      | Noticed Sigmund
  2712 | D:4      | Killed Sigmund
  2713 | D:4      | Reached skill level 6 in Ranged Weapons
  2713 | D:4      | Reached XP level 7. HP: 28/42 MP: 8/8
  2783 | D:4      | Identified the +0 ring mail "Jioveog" {Rampage rN+++ MP-9
                  | Dex+4}
  2836 | D:4      | Noticed Blork the orc
  2844 | D:4      | HP: 9/42 [Blork the orc/+0 battleaxe (5)]
  2845 | D:4      | 2845 ||| DRINKING 2 potions of heal wounds.
  2847 | D:4      | Killed Blork the orc
  3063 | D:4      | HP: 10/44 [wight/+5 short sword (2)]
  3064 | D:4      | 3064 ||| READING scroll of teleportation.
  3065 | D:4      | 3065 ||| DRINKING potion of heal wounds.
  3084 | D:4      | 3084 ||| FLEEEEING.
  3085 | D:4      | 3085 ||| FLEEEEING.
  3086 | D:4      | 3086 ||| FLEEEEING.
  3087 | D:4      | 3087 ||| FLEEEEING.
  3088 | D:4      | 3088 ||| FLEEEEING.
  3089 | D:4      | 3089 ||| FLEEEEING.
  3090 | D:4      | 3090 ||| FLEEEEING.
  3091 | D:4      | 3091 ||| FLEEEEING.
  3092 | D:4      | 3092 ||| FLEEEEING.
  3093 | D:4      | 3093 ||| FLEEEEING.
  3094 | D:4      | 3094 ||| FLEEEEING.
  3095 | D:4      | 3095 ||| FLEEEEING.
  3096 | D:4      | 3096 ||| FLEEEEING.
  3097 | D:4      | 3097 ||| FLEEEEING.
  3098 | D:4      | 3098 ||| FLEEEEING.
  3099 | D:4      | 3099 ||| FLEEEEING.
  3100 | D:4      | 3100 ||| FLEEEEING.
  3101 | D:4      | 3101 ||| FLEEEEING.
  3102 | D:4      | 3102 ||| FLEEEEING.
  3103 | D:4      | 3103 ||| FLEEEEING.
  3104 | D:4      | 3104 ||| FLEEEEING.
  3105 | D:4      | 3105 ||| FLEEEEING.
  3106 | D:4      | 3106 ||| FLEEEEING.
  3107 | D:4      | 3107 ||| FLEEEEING.
  3108 | D:4      | 3108 ||| FLEEEEING.
  3109 | D:4      | 3109 ||| FLEEEEING.
  3111 | D:4      | 3111 ||| STAIRDANCE
  3163 | D:3      | 3163 ||| UPGRADING to +0 ring mail "Jioveog" {Rampage rN+++
                  | MP-9 Dex+4}.
  3173 | D:3      | 3173 ||| DROPPING +0 ring mail.
  3174 | D:3      | 3174 ||| UPGRADING to +6 ring of dexterity.
  3176 | D:3      | 3176 ||| DRINKING 2 sapphire potions.
  3177 | D:3      | 3177 ||| READING 3 scrolls of identify.
  3177 | D:3      | 3177 ||| IDENTIFYING sedimented orange potion
  3178 | D:3      | 3178 ||| READING 2 scrolls of identify.
  3178 | D:3      | 3178 ||| IDENTIFYING murky coppery potion
  3179 | D:3      | 3179 ||| DROPPING potion of brilliance.
  3182 | D:4      | 3182 ||| STAIRDANCE
  3341 | D:4      | Reached skill level 7 in Ranged Weapons
  3789 | D:4      | 3789 ||| READING scroll labelled QUREUC KIEWORU.
  3790 | D:4      | 3790 ||| READING scroll labelled HOIDAE SIEWAAG.
  3822 | D:5      | Entered Level 5 of the Dungeon
  3872 | D:5      | Reached XP level 8. HP: 48/48 MP: 0/9
  3976 | D:5      | Found a staircase to the Ecumenical Temple.
  3977 | D:5      | 3977 ||| PLANNING TEMPLE
  3985 | Temple   | Entered the Ecumenical Temple
  4040 | Temple   | 4040 ||| PLANNING D:1-11
  4076 | D:5      | 4076 ||| SWAPPING to +0 orcbow.
  4077 | D:5      | 4077 ||| DROPPING +2 heavy sling.
  4112 | D:5      | Reached skill level 8 in Ranged Weapons
  4378 | D:5      | 4378 ||| READING scroll labelled PYSIVA PYROYC.
  4416 | D:6      | 4416 ||| PLANNING SEWER
  4700 | D:6      | 4700 ||| FLEEEEING.
  4701 | D:6      | 4701 ||| FLEEEEING.
  4702 | D:6      | 4702 ||| FLEEEEING.
  4735 | D:6      | Found a basalt altar of Yredelemnul.
  4826 | D:6      | Found a glowing drain.
  4837 | Sewer    | Entered a sewer
  4914 | Sewer    | 4914 ||| READING scroll of enchant weapon.
  4914 | Sewer    | 4914 ||| ENCHANTING +0 orcbow.
  4942 | Sewer    | Noticed Pargi
  4949 | Sewer    | Killed Pargi
  4950 | Sewer    | Reached skill level 9 in Ranged Weapons
  4992 | D:6      | 4992 ||| PLANNING D:1-11
  5053 | D:6      | Found an ancient bone altar of Kikubaaqudgha.
  5064 | D:6      | 5064 ||| READING scroll of enchant weapon.
  5064 | D:6      | 5064 ||| ENCHANTING +1 orcbow.
  5096 | D:6      | Found an opulent altar of Gozag.
  5195 | D:6      | Found a sparkling altar of Nemelex Xobeh.
  5248 | D:6      | 5248 ||| READING scroll of enchant armour.
  5248 | D:6      | 5248 ||| ENCHANTING +0 helmet.
  5511 | D:7      | Reached skill level 6 in Fighting
  5520 | D:7      | Reached XP level 9. HP: 55/55 MP: 1/10
  5552 | D:7      | Reached skill level 3 in Dodging
  5560 | D:7      | 5560 ||| FLEEEEING.
  5569 | D:7      | 5569 ||| STAIRDANCE
  5689 | D:7      | Reached skill level 10 in Ranged Weapons
  5722 | D:7      | Noticed Maggie
  5731 | D:7      | Killed Maggie
  5897 | D:7      | HP: 14/57 [yak (7)]
  5900 | D:7      | Slain by a yak

Levels and vault maps discovered:
D:1:      minmay_arrival_plants_in_alcoves, layout_basic,
          hellmonk_ecumenical_altar_watching_god, serial_forest,
          infiniplex_forest_clump_curved, infiniplex_forest_lined_3_way,
          infiniplex_forest_3_way, infiniplex_forest_clump_double,
          infiniplex_forest_clump_diagonal, infiniplex_forest_clump_curved,
          infiniplex_forest_clump_small, infiniplex_forest_diagonal
D:2:      layout_basic, uniq_robin
D:3:      layout_basic, amcnicky_altar_gilded
D:4:      layout_gridville, uniq_sigmund, uniq_blork_the_orc
D:5:      layout_cave_pools, minmay_temple_entry_large_hall,
          serial_bayou_lagoon_b
D:6:      layout_cave_pods, nicolae_gozag_cash_rules_everything_around_me,
          tgw_kikubaaqudgha, nemelex_diamond_rough_becter,
          kennysheep_little_box, portal_sewer_entry_a, nrook_pool_corridor
D:7:      layout_loops_corners, okawaru_ov_weapons_minmay,
          minmay_misc_feat_rows, kennysheep_potato, uniq_maggie
Temple:   zaba_magenta_temple

Skill      XL: |  1  2  3  4  5  6  7  8  9 |
---------------+----------------------------+-----
Ranged Weapons | 3 4 5 6 7 9 10 | 10.8
Fighting       | 2 3 4 6 7 |  7.1
Armour         | 1 2 |  2.5
Dodging        | 2 3 |  3.4
Spellcasting   | |  1.0
Hexes          | |  2.6

Action                     |  1- 3 |  4- 6 |  7- 9 || total
---------------------------+-------+-------+-------++-------
   Fire: Sling             |   106 |   135 |    74 ||   315
         Orcbow            |       |       |   214 ||   214
    Use: Scroll            |     1 |     4 |     9 ||    14
         Potion            |     1 |     2 |     3 ||     6
 Armour: Robe              |    11 |       |       ||    11
         Ring mail         |    15 |    83 |    96 ||   194
  Dodge: Dodged            |    28 |    77 |   139 ||   244

Table legend:
 A = Non-vault XP
 B = Vault XP
 C = Vault XP percentage of total XP
 D = Non-vault monster count
 E = Vault monster count
 F = Vault count percentage of total count
                 A         B        C        D         E       F
            +---------+---------+-------+---------+---------+-------
      Total |    3260 |     917 |  22.0 |     119 |      27 |  18.5
            +---------+---------+-------+---------+---------+-------
        D:1 |      44 |       0 |   0.0 |      26 |       0 |   0.0
        D:2 |      63 |      37 |  37.0 |      17 |      13 |  43.3
        D:3 |      98 |       0 |   0.0 |      15 |       0 |   0.0
        D:4 |     606 |     331 |  35.3 |      21 |       2 |   8.7
        D:5 |     221 |       0 |   0.0 |       6 |       0 |   0.0
        D:6 |     712 |       4 |   0.6 |      14 |       3 |  17.6
        D:7 |    1516 |     404 |  21.0 |      20 |       1 |   4.8
      Sewer |       0 |     141 | 100.0 |       0 |       8 | 100.0
            +---------+---------+-------+---------+---------+-------
